 Dungeon Crawl Stone Soup version 0.18.1-47-g9310371 (webtiles) character file.

114 Gargoyl the Skirmisher (level 4, -3/37 HPs)
             Began as a Demonspawn Abyssal Knight on June 14, 2016.
             Was a Believer of Lugonu.
             Slain by a gnoll
             ... wielding a +0 halberd
              (6 damage)
             ... on level 2 of the Dungeon.
             The game lasted 00:03:12 (1688 turns).

Gargoyl the Skirmisher (Demonspawn Abyssal Knight)  Turns: 1688, Time: 00:03:13

Health: -3/37      AC:  9    Str: 13    XL:     4   Next: 66%
Magic:  14/14      EV: 11    Int: 13    God:    Lugonu [**....]
Gold:   85         SH:  0    Dex: 13    Spells: 0 memorised, 3 levels left

rFire  + . .     SeeInvis .     a - +1 hand axe
rCold  + . .     Gourm    .     h - +2 ring mail {rC+}
rNeg   . . .     Faith    .     (no shield)
rPois  .         Spirit   .     m - +0 helmet
rElec  .         Dismiss  .     (no cloak)
rCorr  .         Reflect  .     (no gloves)
SustAt .         Harm     .     (no boots)
MR     .....                    (no amulet)
Stlth  +.........               e - ring of protection from fire
                                l - ring of magical power

@: not resistant to hostile enchantments, very unstealthy
A: molten scales 1, spiny 1
a: Depart the Abyss, Bend Space, Renounce Religion


You were on level 2 of the Dungeon.
You worshipped Lugonu.
Lugonu was pleased with you.
You were hungry.

You visited 1 branch of the dungeon, and saw 2 of its levels.
You visited the Abyss 1 time.

You collected 85 gold pieces.

Inventory:

Hand Weapons
 a - a +1 hand axe (weapon)
Armour
 h - a +2 ring mail of cold resistance (worn)
 m - a +0 helmet (worn)
Jewellery
 e - a ring of protection from fire (right hand)
 i - a +3 ring of intelligence
 l - a ring of magical power (left hand)
Wands
 d - a wand of heal wounds (1/9)
Scrolls
 g - 2 scrolls of immolation {unknown}
 k - 3 scrolls of fog {unknown}
 o - a scroll of remove curse {unknown}
Potions
 b - a potion of cure mutation {unknown}
Comestibles
 c - 3 bread rations
 f - a slice of pizza
 n - a meat ration


   Skills:
 + Level 3.7 Fighting
 + Level 2.3 Axes
 + Level 2.6 Armour
 + Level 2.2 Dodging
 + Level 0.4 Stealth
 + Level 2.6 Invocations


You had 3 spell levels left.
You didn't know any spells.

Dungeon Overview and Level Annotations

Branches:
Dungeon (2/15)

Altars:


Innate Abilities, Weirdness & Mutations

You are partially covered in molten scales (AC +1).
You are partially covered in sharp spines.


Message History

The gnoll is lightly wounded.
The gnoll is struck by your spines. The gnoll hits you with a halberd.
You hit the gnoll.
The gnoll is heavily wounded.
The gnoll hits you with a halberd!
* * * LOW HITPOINT WARNING * * *
You hit the gnoll.
The gnoll is almost dead.
The gnoll is struck by your spines.
You kill the gnoll!
Lugonu accepts your kill.
You can now bend space around yourself.
A gnoll comes into view. It is wielding a halberd.
Things that are here:
a halberd; a gnoll corpse You see here a flail.
The gnoll shouts!
The gnoll barely misses you.
Found a bread ration.
The gnoll hits you from afar with a halberd.
You die...

# #.......#
#.#)......#
##.##.#.......# .
..............# ##.##
##.##.#.......#..... #
#.#.......#.... # #
#.......g<.# #
#.....[.#..#.# #
#......@.....# # #
#..######..#.#
#.#..##### ..... ###
.##.#....[.##..#.%# ..
....................
### .#.#.#............
#
.........#..##........
..##.#.#.#.......####.
#.##...#.#...........


You could see a gnoll.

Vanquished Creatures
  7 gnolls (D:2)
  A worm (D:2)
  2 dart slugs (D:1)
  A bat (D:1)
  A giant cockroach (D:1)
  6 goblins (D:1)
  6 hobgoblins
  2 jackals (D:2)
  A quokka (D:2)
  2 giant newts (D:1)
  7 kobolds (D:1)
  7 rats
43 creatures vanquished.

Notes
Turn   | Place    | Note
--------------------------------------------------------------
     0 | Abyss:1  | Gargoyl the Demonspawn Abyssal Knight began the quest for the Orb.
     0 | Abyss:1  | Reached XP level 1. HP: 18/18 MP: 2/2
   207 | Abyss:2  | Noticed a crimson imp
   208 | Abyss:2  | Noticed a crimson imp
   208 | Abyss:2  | Noticed a crimson imp
   222 | Abyss:2  | Noticed a small abomination
   236 | D:1      | Escaped the Abyss
   419 | D:1      | Reached skill level 1 in Dodging
   568 | D:1      | Gained mutation: You are partially covered in sharp spines. [demonic ancestry]
   568 | D:1      | Reached XP level 2. HP: 11/24 MP: 3/3
   568 | D:1      | Reached * piety under Lugonu
  1219 | D:1      | Reached XP level 3. HP: 29/29 MP: 4/4
  1346 | D:2      | Gained mutation: You are partially covered in molten scales (AC +1). [demonic ancestry]
  1346 | D:2      | Reached XP level 4. HP: 18/37 MP: 5/5
  1675 | D:2      | Reached ** piety under Lugonu
  1688 | D:2      | Slain by a gnoll

Skill      XL: |  1  2  3  4 |
---------------+-------------+-----
Axes           | 2 |  2.3
Dodging        | 1 2 |  2.2
Armour         | 2 |  2.6
Fighting       | |  3.7
Stealth        | |  0.4
Invocations    | |  2.6

Action                   |  1- 3 |  4- 6 || total
-------------------------+-------+-------++-------
Melee: Hand axe          |    67 |    17 ||    84
Invok: Depart the Abyss  |     1 |       ||     1
  Use: Scroll            |     2 |       ||     2
  Eat: Chunk             |     2 |       ||     2
Armor: Leather armour    |     9 |       ||     9
       Ring mail         |    15 |     4 ||    19
Dodge: Dodged            |    35 |     5 ||    40
